 Dungeon Crawl Stone Soup version 0.29-a0-664-gff9cad4a3d (webtiles) character file.

Game seed: 8725588176927752085

3424 Gwenloh the Cleaver (level 10, -6/91 HPs)
             Began as a Hill Orc Fighter on June 21, 2022.
             Was an Initiate of Qazlal.
             Mangled by a two-headed ogre
             ... wielding a +0 giant club
              (18 damage)
             ... on level 7 of the Dungeon on June 23, 2022.
             The game lasted 00:18:27 (7478 turns).

Gwenloh the Cleaver (Hill Orc Fighter)              Turns: 7478, Time: 00:18:27

Health: -6/91      AC: 19    Str: 20    XL:     10   Next: 5%
Magic:  10/10      EV:  6    Int:  8    God:    Qazlal [......]
Gold:   404        SH:  6    Dex: 14    Spells: 9/9 levels left

rFire   . . .      SeeInvis +   a - +0 war axe
rCold   . . .      Faith    .   c - +0 buckler
rNeg    . . .      Spirit   .   S - +0 plate armour
rPois   .          Reflect  .   t - +2 helmet
rElec   .          Harm     .   v - +0 cloak
rCorr   +          Rampage  .   (no gloves)
Will    .....                   s - +0 pair of boots
Stlth   ..........              (no amulet)
HPRegen 0.25/turn               d - ring of see invisible
MPRegen 0.12/turn               H - ring of resist corrosion

@: no status effects
A: no striking features
a: Renounce Religion


You were on level 7 of the Dungeon.
You worshipped Qazlal.
Qazlal was noncommittal.
You visited 1 branch of the dungeon, and saw 7 of its levels.

You collected 404 gold pieces.

Inventory:

Hand Weapons
 a - a +0 war axe (weapon)
 b - a +0 hunting sling
 m - a +0 hand crossbow
 R - a +0 trident
Missiles
 g - 7 curare-tipped darts
 j - 5 silver javelins
 l - 61 stones
 E - 3 throwing nets
 I - 13 poisoned darts
Armour
 c - a +0 buckler (worn)
 s - a +0 pair of boots (worn)
 t - a +2 helmet (worn)
 v - a +0 cloak (worn)
 y - a +0 chain mail
 S - a +0 plate armour (worn)
Jewellery
 d - a ring of see invisible (left hand)
 H - a ring of resist corrosion (right hand)
 O - the amulet of Elemental Vulnerability {rPois rF-- rC-- AC+8}
   (You found it on level 6 of the Dungeon)

   [amulet of nothing]

   AC:        It affects your AC (+8).
   rF:        It makes you very vulnerable to fire.
   rC:        It makes you very vulnerable to cold.
   rPois:     It protects you from poison.
 P - a +6 ring of intelligence
 T - a ring of magical power
Wands
 J - a wand of charming (1)
 K - a wand of iceblast (6)
Scrolls
 f - 3 scrolls of poison {unknown}
 h - 2 scrolls of enchant weapon {unknown}
 i - 3 scrolls of enchant armour {unknown}
 n - 3 scrolls of fog {unknown}
 o - 3 scrolls of teleportation {unknown}
 q - 5 scrolls of immolation {unknown}
 w - a scroll of blinking {unknown}
 C - a scroll of silence {unknown}
 D - 2 scrolls of noise {unknown}
 F - a scroll of vulnerability {unknown}
 L - 3 scrolls of fear {unknown}
 M - 2 scrolls of amnesia {unknown}
 Q - 2 scrolls of identify {unknown}
Potions
 e - a potion of resistance {unknown}
 k - 2 potions of haste {unknown}
 p - 3 potions of berserk rage {unknown}
 r - 2 potions of attraction {unknown}
 u - 3 potions of curing
 x - 2 potions of mutation {unknown}
 z - 2 potions of lignification {unknown}
 A - 2 potions of heal wounds {unknown}
 B - 2 potions of brilliance {unknown}
 G - a potion of cancellation {unknown}
 N - a potion of degeneration {unknown}


   Skills:
 + Level 9.1 Fighting
 + Level 9.5 Axes
 + Level 8.3 Armour
 + Level 8.3 Shields


You had 9 spell levels left.
You didn't know any spells.
Your spell library contained the following spells:

 Spells                   Type           Power      Damage    Failure   Level
 Poisonous Vapours        Pois/Air       0%         N/A       100%        2
 Portal Projectile        Hex/Tloc       0%         N/A       100%        3
 Tukima's Dance           Hex            0%         N/A       100%        3
 Corpse Rot               Necr/Pois/Air  0%         N/A       100%        4
 Leda's Liquefaction      Hex/Erth       0%         N/A       100%        4
 Blade Hands              Tmut           0%         N/A       100%        5
 Lee's Rapid Deconstruct  Erth           0%         3d5*      100%        5
 Statue Form              Tmut/Erth      0%         N/A       100%        6


Dungeon Overview and Level Annotations

Branches:
Dungeon (7/15)
 Temple: D:4-7

Altars:
Dithmenos
Qazlal

Shops:
D:2 (


Message History

A two-headed ogre comes into view. It is wielding two +0 giant clubs.
You now have 383 gold pieces (gained 13).
There are no items here.
You see here a hydra corpse.
You now have 404 gold pieces (gained 21).
HP restored.
You see here a hydra skeleton.
l - 61 stones (gained 3)
A two-headed ogre is nearby!
Okay, then.
Okay, then.
m - a +0 hand crossbow (weapon)
The two-headed ogre shouts in stereo!
No target in view!
You see here a scroll labelled WODODUSH ASED.
You shoot a bolt.
The bolt hits the two-headed ogre but does no damage.
You shoot a bolt.
The bolt completely misses the two-headed ogre.
a - a +0 war axe (weapon)
You slash the two-headed ogre!
The two-headed ogre is moderately wounded.
The two-headed ogre hits you with a +0 giant club!
The two-headed ogre hits you with a +0 giant club.
You hit the two-headed ogre.
The two-headed ogre is moderately wounded.
You block the two-headed ogre's attack.
The two-headed ogre hits you with a +0 giant club!!
You barely miss the two-headed ogre.
The two-headed ogre is moderately wounded.
You hit the two-headed ogre.
The two-headed ogre is moderately wounded.
The two-headed ogre hits you but does no damage.
The two-headed ogre hits you with a +0 giant club!
You slash the two-headed ogre!
The two-headed ogre is heavily wounded.
The two-headed ogre hits you with a +0 giant club!!
* * * LOW HITPOINT WARNING * * *
The two-headed ogre hits you with a +0 giant club!!
You die...

♣.♣♣.♣♣♣.....#..#...#.....
♣.♣.♣♣♣....÷..#....###....
#..♣♣♣♣.♣♣♣♣..#...........#.....
#.....♣.....##...#...##........
#..♣♣♣♣.♣♣♣♣....###............#
♣.♣.♣♣♣...##.............#
♣.♣♣.♣♣♣..##.........##..#
♣♣.♣♣♣....O##.#..........##
♣...♣♣....@#...............
♣..#..♣....##..........#....
#...###.....#####.##.....#.##.
#### ####.## ## #..######## #.#
#### ..# ####


You could see a two-headed ogre.

Vanquished Creatures
  A hydra (D:7)
  An unseen horror (D:7)
  Grinder (D:4)
  4 humans
  A water moccasin (D:3)
  Duvessa (D:4)
  An orc warrior (D:6)
  An ice beast (D:7)
  2 ogres (D:5)
  A kobold brigand (D:6)
  2 necrophages (D:5)
  A bullfrog (D:7)
  4 scorpions
  Dowan (D:4)
  A howler monkey (D:6)
  A jelly (D:5)
  3 hounds
  A gnoll shaman (D:6)
  2 iguanas
  6 orc wizards
  13 gnolls
  12 adders
  A white imp (D:7)
  2 ufetubi
  3 worms
  A dart slug (D:2)
  14 orcs
  4 endoplasms
  5 giant cockroaches
  5 goblins
  4 hobgoblins
  8 jackals (D:3)
  4 quokkas
  6 ball pythons
  2 bats
  2 frilled lizards
  13 kobolds
  8 rats
143 creatures vanquished.

Notes
Turn   | Place    | Note
-------+----------+-------------------------------------------
     0 | D:1      | Gwenloh the Hill Orc Fighter began the quest for the Orb.
     0 | D:1      | Reached XP level 1. HP: 19/19 MP: 1/1
   486 | D:1      | Reached XP level 2. HP: 23/27 MP: 2/2
  1201 | D:1      | Reached XP level 3. HP: 33/33 MP: 3/3
  1675 | D:2      | Reached XP level 4. HP: 36/40 MP: 4/4
  2012 | D:2      | Found Taluer's Antique Weapon Boutique.
  2411 | D:3      | Upgraded the game from 0.29-a0-653-gd47aff6735 to
                  | 0.29-a0-664-gff9cad4a3d
  2448 | D:3      | Reached XP level 5. HP: 44/47 MP: 5/5
  2708 | D:3      | Found a faded altar of an unknown god.
  2898 | D:3      | Noticed a water moccasin
  2908 | D:3      | Killed a water moccasin
  2909 | D:3      | Reached skill level 5 in Fighting
  2909 | D:3      | Reached XP level 6. HP: 13/56 MP: 6/6
  3293 | D:4      | Noticed Dowan
  3294 | D:4      | Noticed Duvessa
  3323 | D:4      | Killed Duvessa
  3324 | D:4      | Reached skill level 5 in Axes
  3554 | D:4      | Killed Dowan
  3555 | D:4      | Reached skill level 5 in Shields
  3596 | D:4      | Reached skill level 5 in Armour
  4062 | D:4      | Noticed Grinder
  4069 | D:4      | Paralysed by Grinder for 2 turns
  4072 | D:4      | Paralysed by Grinder for 3 turns
  4090 | D:4      | Paralysed by Grinder for 3 turns
  4099 | D:4      | Paralysed by Grinder for 2 turns
  4104 | D:4      | Paralysed by Grinder for 3 turns
  4116 | D:4      | Killed Grinder
  4117 | D:4      | Reached XP level 7. HP: 36/62 MP: 7/7
  4496 | D:5      | Entered Level 5 of the Dungeon
  4724 | D:5      | Reached XP level 8. HP: 68/71 MP: 8/8
  5320 | D:6      | Found the amulet of Elemental Vulnerability {rPois rF--
                  | rC-- AC+8}
  5867 | D:5      | Reached XP level 9. HP: 53/79 MP: 9/9
  6821 | D:6      | Found a stormy altar of Qazlal.
  6821 | D:6      | Found a shadowy altar of Dithmenos.
  6829 | D:6      | Became a worshipper of Qazlal Stormbringer
  7038 | D:7      | Noticed a seven-headed hydra
  7108 | D:7      | Noticed an unseen horror
  7121 | D:7      | Killed an unseen horror
  7184 | D:7      | Killed a seven-headed hydra
  7185 | D:7      | Reached XP level 10. HP: 32/91 MP: 10/10
  7328 | D:7      | Noticed a two-headed ogre
  7478 | D:7      | Mangled by a two-headed ogre

Illustrated notes

Levels and vault maps discovered:
D:1:      psy_arrival_fountain, layout_loops_cross
D:2:      layout_basic, serial_shops, shop_fountains, minmay_tetromino_i4
D:3:      layout_basic, basic_ecumenical_altar, grunt_decor_fettered,
          corner_web_ring, small_statue_intersection
D:4:      layout_loops_cross, uniq_duvessa, uniq_grinder
D:5:      layout_basic
D:6:      layout_rooms, minitemple, minivault_11, minmay_ruffians
D:7:      layout_cave_pools, minmay_temple_entry_trees, kb_rosetta, uniq_maggie

Skill      XL: |  1  2  3  4  5  6  7  8  9 |
---------------+----------------------------+-----
Axes           | 3 4 5 6 7 9 |  9.5
Fighting       | 4 5 6 7 9 |  9.1
Shields        | 4 5 6 8 |  8.3
Armour         | 4 5 6 8 |  8.3

Action                   |  1- 3 |  4- 6 |  7- 9 | 10-12 || total
-------------------------+-------+-------+-------+-------++-------
Melee: War axe           |   120 |   150 |   311 |     9 ||   590
       Trident           |       |       |    10 |       ||    10
 Fire: Hunting sling     |    16 |    49 |    45 |       ||   110
       Hand crossbow     |       |       |       |     2 ||     2
Throw: Stone             |    10 |       |       |       ||    10
       Javelin           |     1 |     2 |       |       ||     3
Evoke: Wand              |       |       |     6 |       ||     6
  Use: Potion            |       |     2 |       |       ||     2
Armor: Scale mail        |    76 |    58 |       |       ||   134
       Chain mail        |       |    38 |   169 |       ||   207
       Plate armour      |       |       |    61 |     4 ||    65
Dodge: Dodged            |    58 |    55 |   113 |       ||   226
Block: Buckler           |    37 |    30 |    90 |     2 ||   159

Table legend: (Time is in decaauts)
 A = Elapsed time spent in this place.
 B = Non-inter-level travel time spent in this place.
 C = Inter-level travel time spent in this place.
 D = Time resting spent in this place.
 E = Time spent auto-exploring this place.
 F = Levels seen in this place.
 G = Mean time per level.
                   A        B        C        D        E       F      G
               +--------+--------+--------+--------+--------+-----+--------+
         Total |   7679 |   7426 |    253 |    431 |   5266 |   7 | 1097.0 |
       Dungeon |   7679 |   7426 |    253 |    431 |   5266 |   7 | 1097.0 |
               +--------+--------+--------+--------+--------+-----+--------+

Top non-repeatable levels by time:
     D:1: 1373 daAuts
     D:5: 1267 daAuts
     D:6: 1218 daAuts
     D:3: 1213 daAuts
     D:2: 1109 daAuts
     D:4: 1037 daAuts
     D:7: 458 daAuts
